[ AOE2 MATCH · #494682774 ]
UnrankedMaya vs Ethiopians
Player's team · WIN
[ REPLAY ANALYSIS · EXTRACTED FROM THE RECORDED GAME ]
Feudal
9:45
Castle
23:24
Imperial
—
| APM avg | 38.0 |
| APM peak | 73 |
| eAPM avg | 18.7 |
| Villagers / military | 62 / 64 |
Focus
⚔️ 29.5% · 🌾 70.5%
Eagle Scout ×39 · Skirmisher ×21 · Archer ×4
Feudal
10:07
Castle
26:39
Imperial
—
| APM avg | 73.7 |
| APM peak | 105 |
| eAPM avg | 30.4 |
| Villagers / military | 67 / 47 |
Focus
⚔️ 45.5% · 🌾 54.5%
Skirmisher ×28 · Knight ×13 · Militia ×4 · Archer ×2
Match map
Initial resources + every placement click. Lines = walls · curves = elevation contours. ◆ gold · ⬟ stone · ● berries · ✦ relic · ◌ wall gap
Your base· Open — 5t gap
奉天讨贼 Latin America lagge's base· Open — unwalled flank
Smoothed initial terrain · ◌ = detected wall gap · hover for details
Inputs per minute
— Arlechinno - - 奉天讨贼 Latin America lagge
Build order — Arlechinno
First 150 of 200 actions detected
| 0:00 | Research | Loom |
| 0:00 | Research | Loom |
| 0:02 | Build | House |
| 0:03 | Build | House |
| 0:14 | Queue | Villager (Male) |
| 0:33 | Queue | Villager (Male) |
| 0:33 | Queue | Villager (Male) |
| 0:33 | Queue | Villager (Male) |
| 1:26 | Queue | Villager (Male) |
| 1:49 | Build | Lumber Camp |
| 1:55 | Queue | Villager (Male) |
| 2:22 | Queue | Villager (Male) |
| 2:44 | Queue | Villager (Male) |
| 3:09 | Queue | Villager (Male) |
| 3:44 | Queue | Villager (Male) |
| 4:00 | Build | House |
| 4:01 | Queue | Villager (Male) |
| 4:30 | Queue | Villager (Male) |
| 4:45 | Queue | Villager (Male) |
| 5:04 | Queue | Villager (Male) |
| 5:12 | Build | Mill |
| 5:14 | Queue | Villager (Male) |
| 5:23 | Queue | Villager (Male) |
| 5:58 | Build | House |
| 6:34 | Queue | Villager (Male) |
| 7:03 | Queue | Villager (Male) |
| 7:25 | Build | House |
| 7:35 | Research | Feudal Age |
| 7:49 | Build | Lumber Camp |
| 7:58 | Build | Palisade Wall |
| 8:21 | Build | Palisade Wall |
| 8:42 | Build | Palisade Wall |
| 8:49 | Queue | Villager (Male) |
| 9:04 | Build | Palisade Wall |
| 9:26 | Build | Barracks |
| 9:45 | Age | Feudal Age |
| 9:53 | Research | Double-Bit Axe |
| 9:57 | Research | Horse Collar |
| 9:59 | Queue | Villager (Male) |
| 10:22 | Queue | Villager (Male) |
| 10:40 | Build | Archery Range |
| 10:48 | Build | House |
| 10:59 | Build | House |
| 11:05 | Queue | Villager (Male) |
| 11:05 | Queue | Villager (Male) |
| 11:18 | Build | Farm |
| 11:21 | Build | Farm |
| 11:30 | Queue | Archer |
| 11:31 | Queue | Skirmisher |
| 11:43 | Build | House |
| 11:45 | Queue | Villager (Male) |
| 11:49 | Build | Farm |
| 11:51 | Build | Farm |
| 12:06 | Queue | Villager (Male) |
| 12:11 | Build | House |
| 12:24 | Build | House |
| 12:25 | Queue | Villager (Male) |
| 12:26 | Queue | Skirmisher |
| 12:32 | Build | Farm |
| 12:34 | Build | Farm |
| 12:53 | Build | Farm |
| 12:56 | Build | Farm |
| 12:59 | Queue | Skirmisher |
| 13:04 | Queue | Villager (Male) |
| 13:20 | Queue | Villager (Male) |
| 13:26 | Build | Farm |
| 13:33 | Queue | Skirmisher |
| 13:41 | Build | Mining Camp |
| 13:46 | Queue | Villager (Male) |
| 13:50 | Queue | Skirmisher |
| 13:57 | Build | Farm |
| 14:16 | Queue | Skirmisher |
| 14:17 | Queue | Villager (Male) |
| 14:28 | Build | Blacksmith |
| 14:54 | Build | Watch Tower |
| 14:56 | Queue | Villager (Male) |
| 14:57 | Queue | Skirmisher |
| 15:18 | Research | Fletching |
| 15:18 | Queue | Skirmisher |
| 15:19 | Queue | Villager (Male) |
| 15:34 | Build | Farm |
| 15:45 | Queue | Villager (Male) |
| 15:57 | Build | House |
| 15:59 | Queue | Villager (Male) |
| 16:08 | Queue | Skirmisher |
| 16:36 | Queue | Archer |
| 16:37 | Queue | Skirmisher |
| 16:38 | Queue | Villager (Male) |
| 16:43 | Build | House |
| 16:56 | Research | Padded Archer Armor |
| 17:18 | Queue | Villager (Male) |
| 17:25 | Queue | Skirmisher |
| 17:40 | Queue | Skirmisher |
| 17:40 | Queue | Villager (Male) |
| 17:55 | Queue | Skirmisher |
| 17:57 | Queue | Villager (Male) |
| 18:18 | Build | Farm |
| 18:18 | Build | Farm |
| 18:19 | Build | Farm |
| 18:19 | Build | Farm |
| 18:27 | Queue | Archer |
| 18:33 | Build | Lumber Camp |
| 18:47 | Queue | Skirmisher |
| 19:01 | Queue | Skirmisher |
| 19:04 | Queue | Villager (Male) |
| 19:26 | Queue | Villager (Male) |
| 19:28 | Queue | Archer |
| 19:44 | Queue | Villager (Male) |
| 19:50 | Queue | Skirmisher |
| 20:13 | Queue | Villager (Male) |
| 20:19 | Build | House |
| 20:25 | Build | House |
| 20:30 | Queue | Skirmisher |
| 20:33 | Research | Castle Age |
| 20:45 | Build | Archery Range |
| 20:57 | Queue | Villager (Male) |
| 21:07 | Queue | Skirmisher |
| 21:07 | Queue | Skirmisher |
| 21:29 | Build | Palisade Wall |
| 22:12 | Queue | Skirmisher |
| 22:12 | Queue | Skirmisher |
| 22:23 | Queue | Eagle Scout |
| 22:28 | Build | Palisade Wall |
| 22:36 | Research | Scale Mail Armor |
| 22:39 | Build | Barracks |
| 22:51 | Build | Barracks |
| 22:55 | Queue | Eagle Scout |
| 23:24 | Age | Castle Age |
| 23:27 | Queue | Eagle Scout |
| 23:32 | Queue | Eagle Scout |
| 23:32 | Queue | Eagle Scout |
| 23:34 | Research | Squires |
| 23:34 | Research | Chain Mail Armor |
| 23:49 | Queue | Villager (Male) |
| 24:09 | Build | Lumber Camp |
| 24:14 | Queue | Eagle Scout |
| 24:14 | Queue | Eagle Scout |
| 24:18 | Queue | Eagle Scout |
| 24:20 | Research | Eagle Warrior (upgrade) |
| 24:32 | Queue | Villager (Male) |
| 24:42 | Queue | Eagle Scout |
| 24:42 | Queue | Eagle Scout |
| 25:02 | Queue | Eagle Scout |
| 25:02 | Queue | Villager (Male) |
| 25:03 | Queue | Villager (Male) |
| 25:23 | Queue | Eagle Scout |
| 25:24 | Queue | Villager (Male) |
| 25:38 | Queue | Eagle Scout |
| 25:40 | Queue | Villager (Male) |
| 25:44 | Build | Farm |
Build order — 奉天讨贼 Latin America lagge
First 150 of 200 actions detected
| 0:00 | Queue | Villager (Male) |
| 0:02 | Build | House |
| 0:03 | Build | House |
| 0:05 | Queue | Villager (Male) |
| 0:05 | Queue | Villager (Male) |
| 0:06 | Queue | Villager (Male) |
| 1:37 | Queue | Villager (Male) |
| 1:37 | Queue | Villager (Male) |
| 2:01 | Queue | Villager (Male) |
| 2:01 | Queue | Villager (Male) |
| 2:16 | Queue | Villager (Male) |
| 2:16 | Queue | Villager (Male) |
| 2:43 | Queue | Villager (Male) |
| 2:55 | Queue | Villager (Male) |
| 2:56 | Queue | Villager (Male) |
| 3:04 | Build | Lumber Camp |
| 3:11 | Queue | Villager (Male) |
| 3:29 | Queue | Villager (Male) |
| 3:29 | Queue | Villager (Male) |
| 3:42 | Build | House |
| 3:48 | Queue | Villager (Male) |
| 3:48 | Queue | Villager (Male) |
| 4:16 | Queue | Villager (Male) |
| 4:16 | Queue | Villager (Male) |
| 5:05 | Queue | Villager (Male) |
| 5:05 | Queue | Villager (Male) |
| 5:33 | Queue | Villager (Male) |
| 5:53 | Build | Barracks |
| 6:00 | Build | House |
| 6:14 | Queue | Villager (Male) |
| 6:15 | Queue | Villager (Male) |
| 6:15 | Queue | Villager (Male) |
| 6:47 | Build | House |
| 6:57 | Queue | Villager (Male) |
| 7:09 | Research | Loom |
| 7:57 | Research | Feudal Age |
| 8:04 | Build | Mill |
| 8:49 | Queue | Militia |
| 8:49 | Queue | Militia |
| 9:18 | Queue | Militia |
| 9:19 | Queue | Militia |
| 9:49 | Queue | Villager (Male) |
| 10:07 | Age | Feudal Age |
| 10:11 | Research | Man-at-Arms (upgrade) |
| 10:11 | Research | Man-at-Arms (upgrade) |
| 10:31 | Build | Mining Camp |
| 10:35 | Queue | Villager (Male) |
| 10:35 | Queue | Villager (Male) |
| 10:46 | Build | Farm |
| 10:47 | Build | Farm |
| 11:04 | Queue | Villager (Male) |
| 11:04 | Queue | Villager (Male) |
| 11:19 | Build | Archery Range |
| 11:46 | Queue | Villager (Male) |
| 11:56 | Research | Double-Bit Axe |
| 12:02 | Build | House |
| 12:09 | Build | House |
| 12:22 | Queue | Villager (Male) |
| 12:29 | Queue | Skirmisher |
| 12:30 | Queue | Skirmisher |
| 12:36 | Queue | Villager (Male) |
| 12:37 | Build | House |
| 12:51 | Build | Archery Range |
| 12:57 | Queue | Villager (Male) |
| 13:02 | Queue | Skirmisher |
| 13:12 | Queue | Skirmisher |
| 13:13 | Queue | Villager (Male) |
| 13:34 | Queue | Skirmisher |
| 13:45 | Build | Watch Tower |
| 13:46 | Queue | Villager (Male) |
| 13:46 | Queue | Villager (Male) |
| 14:00 | Queue | Villager (Male) |
| 14:00 | Queue | Villager (Male) |
| 14:10 | Queue | Skirmisher |
| 14:10 | Queue | Skirmisher |
| 14:19 | Queue | Villager (Male) |
| 14:20 | Queue | Villager (Male) |
| 14:31 | Build | Lumber Camp |
| 14:41 | Build | Palisade Wall |
| 14:42 | Build | Palisade Wall |
| 14:43 | Build | Palisade Wall |
| 14:49 | Queue | Villager (Male) |
| 14:53 | Build | House |
| 14:54 | Build | House |
| 14:56 | Build | Palisade Wall |
| 14:57 | Build | Palisade Wall |
| 15:01 | Queue | Skirmisher |
| 15:02 | Queue | Skirmisher |
| 15:08 | Queue | Skirmisher |
| 15:20 | Queue | Villager (Male) |
| 15:25 | Build | Blacksmith |
| 16:12 | Build | Farm |
| 16:12 | Build | Farm |
| 16:13 | Build | Farm |
| 16:14 | Build | Farm |
| 16:37 | Queue | Villager (Male) |
| 16:40 | Build | Farm |
| 16:42 | Build | Farm |
| 16:43 | Build | Farm |
| 17:06 | Build | Farm |
| 17:08 | Build | Farm |
| 17:29 | Queue | Villager (Male) |
| 17:29 | Queue | Villager (Male) |
| 17:34 | Queue | Archer |
| 17:34 | Queue | Archer |
| 17:54 | Queue | Skirmisher |
| 18:09 | Build | Watch Tower |
| 18:09 | Queue | Villager (Male) |
| 18:09 | Queue | Villager (Male) |
| 18:14 | Queue | Skirmisher |
| 18:15 | Queue | Skirmisher |
| 18:17 | Build | Farm |
| 18:19 | Build | Farm |
| 18:21 | Research | Fletching |
| 18:24 | Queue | Skirmisher |
| 18:24 | Queue | Skirmisher |
| 18:37 | Build | House |
| 18:45 | Queue | Skirmisher |
| 18:45 | Queue | Skirmisher |
| 18:46 | Queue | Skirmisher |
| 19:01 | Queue | Skirmisher |
| 19:01 | Queue | Skirmisher |
| 19:03 | Queue | Villager (Male) |
| 19:03 | Queue | Villager (Male) |
| 19:13 | Queue | Skirmisher |
| 19:13 | Queue | Skirmisher |
| 19:26 | Build | Watch Tower |
| 19:27 | Queue | Villager (Male) |
| 19:30 | Queue | Skirmisher |
| 19:31 | Queue | Skirmisher |
| 19:33 | Build | Farm |
| 19:34 | Build | Farm |
| 19:35 | Build | Farm |
| 19:35 | Build | Farm |
| 19:54 | Queue | Skirmisher |
| 19:58 | Queue | Villager (Male) |
| 19:58 | Queue | Villager (Male) |
| 20:05 | Build | Farm |
| 20:19 | Research | Padded Archer Armor |
| 20:20 | Queue | Skirmisher |
| 20:59 | Queue | Villager (Male) |
| 20:59 | Queue | Villager (Male) |
| 21:10 | Build | House |
| 21:15 | Build | Farm |
| 21:17 | Research | Wheelbarrow |
| 21:47 | Build | Watch Tower |
| 21:55 | Build | Farm |
| 21:59 | Build | Watch Tower |
| 22:07 | Build | Farm |
| 22:10 | Build | Lumber Camp |
Match timeline
| 5:53 | 奉天讨贼 Latin America lagge · first_building Barracks |
| 7:58 | Arlechinno · wall_segment Palisade Wall x6 |
| 8:21 | Arlechinno · wall_segment Palisade Wall x10 |
| 8:42 | Arlechinno · wall_segment Palisade Wall x5 |
| 9:04 | Arlechinno · wall_segment Palisade Wall x17 |
| 9:26 | Arlechinno · first_building Barracks |
| 9:45 | Arlechinno · age_up feudal |
| 10:07 | 奉天讨贼 Latin America lagge · age_up feudal |
| 10:40 | Arlechinno · first_building Archery Range |
| 11:19 | 奉天讨贼 Latin America lagge · first_building Archery Range |
| 14:41 | 奉天讨贼 Latin America lagge · wall_segment Palisade Wall x1 |
| 14:42 | 奉天讨贼 Latin America lagge · wall_segment Palisade Wall x1 |
| 14:43 | 奉天讨贼 Latin America lagge · wall_segment Palisade Wall x1 |
| 14:56 | 奉天讨贼 Latin America lagge · wall_segment Palisade Wall x7 |
| 14:57 | 奉天讨贼 Latin America lagge · wall_segment Palisade Wall x2 |
| 21:29 | Arlechinno · wall_segment Palisade Wall x1 |
| 22:28 | Arlechinno · wall_segment Palisade Wall x1 |
| 23:24 | Arlechinno · age_up castle |
| 23:32 | 奉天讨贼 Latin America lagge · first_market_sell 100 stone |
| 24:17 | 奉天讨贼 Latin America lagge · first_building Stable |
| 25:06 | 奉天讨贼 Latin America lagge · wall_segment Palisade Wall x3 |
| 25:07 | 奉天讨贼 Latin America lagge · wall_segment Palisade Wall x5 |
| 25:59 | 奉天讨贼 Latin America lagge · wall_segment Palisade Wall x1 |
| 26:00 | 奉天讨贼 Latin America lagge · wall_segment Palisade Wall x1 |
| 26:02 | 奉天讨贼 Latin America lagge · wall_segment Palisade Wall x1 |
| 26:39 | 奉天讨贼 Latin America lagge · age_up castle |
| 28:42 | Arlechinno · first_market_sell 100 wood |
| 28:43 | Arlechinno · first_market_buy 100 stone |
| 29:53 | 奉天讨贼 Latin America lagge · first_market_buy 100 food |
| 30:13 | Arlechinno · first_building Siege Workshop |
| 30:14 | 奉天讨贼 Latin America lagge · resign |
[ AI ANALYSIS · 1 CREDIT ]
What really happened in this match?
Wolo.gg analyzes every decision: build order, eco, micro, common mistakes by bracket. Personalized analysis on WhatsApp or Discord in 30 seconds.
Civ guide
Maya
Perfil
Jugador #2878663